 Dungeon Crawl Stone Soup version 0.26.1-2-gb8aa6d0cf2 (webtiles) character file.

Game seed: 11048759075957952616

26 Alarak the Caller (level 2, -4/15 HPs)
             Began as a Deep Elf Summoner on Mar 18, 2021.
             Hit by a javelin thrown by a hobgoblin (6 damage)
             ... on level 2 of the Dungeon.
             The game lasted 00:07:13 (1934 turns).

Alarak the Caller (Deep Elf Summoner)               Turns: 1934, Time: 00:07:14

Health: -4/15      AC:  2    Str:  5    XL:     2   Next: 89%
Magic:  4/8        EV: 13    Int: 19    God:
Gold:   99         SH:  0    Dex: 15    Spells: 4/7 levels left

rFire    . . .     SeeInvis .   b - +0 dagger
rCold    . . .     Faith    .   (no shield)
rNeg     . . .     Spirit   .   a - +0 robe
rPois    .         Reflect  .   (no helmet)
rElec    .         Harm     .   (no cloak)
rCorr    .         Rampage  .   (no gloves)
Will     .....                  (no boots)
Stlth    ++........             (no amulet)
HPRegen  0.05/turn              (no ring)
MPRegen  0.11/turn              (no ring)

@: no status effects
A: no striking features
a: no special abilities


You were on level 2 of the Dungeon.
You visited 1 branch of the dungeon, and saw 2 of its levels.

You collected 99 gold pieces.

Inventory:

Hand Weapons
 b - a +0 dagger (weapon)
Armour
 a - a +0 robe (worn)
Scrolls
 c - a scroll of identify {unknown}
 d - 3 scrolls of enchant weapon {unknown}
 e - a scroll of amnesia {unknown}
 f - a scroll of random uselessness {unknown}
 g - 2 scrolls of blinking {unknown}
Potions
 h - a potion of brilliance {unknown}
 i - a potion of curing {unknown}
 j - a potion of invisibility {unknown}


   Skills:
 - Level 2.4 Dodging
 - Level 3.0 Stealth
 + Level 3.4 Spellcasting
 - Level 5.0 Summonings


You had 4 spell levels left.
You knew the following spells:

 Your Spells              Type           Power        Failure   Level
a - Summon Small Mammal   Summ           88%          1%          1
b - Call Imp              Summ           22%          2%          2

Your spell library contained the following spells:

 Spells                   Type           Power        Failure   Level
 Call Canine Familiar     Summ           22%          5%          3
 Summon Guardian Golem    Hex/Summ       12%          16%         3
 Summon Ice Beast         Ice/Summ       12%          45%         4
 Summon Lightning Spire   Summ/Air       12%          45%         4


Dungeon Overview and Level Annotations

Branches:
Dungeon (2/15)

Altars:


Message History

Something hits your shadow imp!
Your shadow imp dies!
Your crimson imp hits the hobgoblin but does no damage.
The hobgoblin throws a javelin.
The javelin pierces through your crimson imp!
The javelin completely misses you. Something bites your crimson imp.
Your crimson imp hits the hobgoblin.
Something misses your crimson imp.
Something closely misses your crimson imp.
Something bites your crimson imp but does no damage.
Casting: Call Imp (safe; 2% risk of failure)
Confirm with . or Enter, or press ? or * to list all spells.
A beastly little devil appears in a puff of flame.
Your crimson imp says, "I'm here!"
Your crimson imp closely misses the hobgoblin.
Your crimson imp hits the hobgoblin.
The hobgoblin throws a javelin.
The javelin barely misses your crimson imp.
The javelin pierces through you.
You die...

#.......#######
#........†....#
#.......#####.##
#.......# #...
#####.(.....# #..#
.#. #.g5#.....[.#
###..#
S....##(#5####....#
#....#
#g.(g5(#.#######.#
#.##.#
.S...####@##......#
#.#... .#.#
#5##......# #.#...
# #.##......#
#.#>## #.##......#
#.#.#. #..5......#
#.#... ###########
#.#.#. #.#.#. . #.
# #.


You could see a hobgoblin and 3 friendly crimson imps.

Vanquished Creatures
  A leopard gecko (D:1)
  A giant cockroach (D:2)
  2 hobgoblins (D:1)
  2 kobolds
  A goblin (D:2)
  3 rats (D:1)
10 creatures vanquished.

Vanquished Creatures (collateral kills)
  2 worms
  3 giant cockroaches
  2 goblins
  5 hobgoblins
  3 bats
  A frilled lizard (D:1)
  3 kobolds
  A rat (D:2)
20 creatures vanquished.

Grand Total: 30 creatures vanquished

Notes
Turn   | Place    | Note
-------+----------+-------------------------------------------
     0 | D:1      | Alarak the Deep Elf Summoner began the quest for the Orb.
     0 | D:1      | Reached XP level 1. HP: 10/10 MP: 6/6
   576 | D:1      | Reached XP level 2. HP: 15/15 MP: 8/8
   614 | D:1      | Learned a level 2 spell: Call Imp
  1459 | D:2      | Reached skill level 5 in Summonings
  1934 | D:2      | Hit by a javelin thrown by a hobgoblin

Illustrated notes

Levels and vault maps discovered:
D:1:      shiori_arrival_elements, layout_basic, grunt_decor_resistance
D:2:      layout_basic

Skill      XL: |  1  2 |
---------------+-------+-----
Stealth        | 3 |  3.0
Summonings     | 5 |  5.0
Dodging        | |  2.4
Spellcasting   | |  3.4

Action                   || total
-------------------------++-------
Melee: Dagger            ||    29
 Cast: Summon Small Mamm ||    19
       Call Imp          ||    24
 Stab: Sleeping          ||     5
       Distracted        ||     1
Armor: Robe              ||     4
Dodge: Dodged            ||    35
